 Dungeon Crawl Stone Soup version 0.31-a0-263-ge8cad7f256 (webtiles) character file.

Game seed: 9335138675096748674

70 qw the Shooter (level 4, 0/36 HPs)
             Began as a Minotaur Hexslinger on July 13, 2023.
             Slain by Pargi (2 damage)
             ... on level 2 of the Dungeon.
             The game lasted 00:00:36 (1342 turns).

qw the Shooter (Minotaur Hexslinger)                Turns: 1342, Time: 00:00:36

Health: 0/36       AC:  6    Str: 13    XL:     4   Next: 3%
Magic:  4/4        EV: 11    Int: 10    God:
Gold:   56         SH:  0    Dex: 14    Spells: 4/5 levels left

rFire   . . .        Y - +1 sling
rCold   . . .        (no shield)
rNeg    . . .        d - +0 ring mail
rPois   +            (helmet restricted)
rElec   .            i - +0 cloak
rCorr   .            (no gloves)
SInv    .            (no boots)
Will    .....        (no amulet)
Stlth   +            f - ring of poison resistance
HPRegen 0.26/turn    (no ring)
MPRegen 0.09/turn

%: no passive effects
@: hasted, very quick
A: horns 2, retaliatory headbutt
a: no special abilities


You were on level 2 of the Dungeon.
You visited 1 branch of the dungeon, and saw 3 of its levels.

You collected 56 gold pieces.


Innate Abilities, Weirdness & Mutations

You have a pair of horns on your head.
You reflexively headbutt those who attack you in melee.


   Skills:
 - Level 2.0 Fighting
 + Level 4.3 Ranged Weapons
 - Level 1.0 Armour
 - Level 2.1 Dodging
 - Level 1.0 Spellcasting
 - Level 2.0 Hexes


You had 4 spell levels left.
You knew the following spells:

 Your Spells              Type           Power      Damage    Failure   Level
a - Slow                  Hex            16%        N/A       32%         1

Your spell library contained the following spells:

 Spells                   Type           Power      Damage    Failure   Level
 Inner Flame              Hex/Fire       2%         N/A       82%         3
 Portal Projectile        Hex/Tloc       4%         N/A       82%         3
 Cause Fear               Hex            2%         N/A       97%         4

Inventory:

Hand Weapons
 Y - a +1 sling (weapon)
Armour
 d - a +0 ring mail (worn)
 i - a +0 cloak (worn)
Jewellery
 f - a ring of poison resistance (left hand)
Scrolls
 c - a scroll of identify
Potions
 b - a potion of mutation {unknown}
 e - a potion of heal wounds {unknown}
 g - a potion of haste
 h - a potion of berserk rage {unknown}

Dungeon Overview and Level Annotations

Branches:
Dungeon (3/15)

Altars:

Annotations:
D:2 Pargi


Message History

You shoot a sling bullet. The sling bullet closely misses Pargi.
The orc hits you but does no damage. The rat closely misses you.
Pargi misses you. Pargi claws you but does no damage. x2
You shoot a sling bullet. The sling bullet barely misses Pargi.
The rat bites you. Pargi bites you. Pargi claws you but does no damage.
Pargi closely misses you. The orc hits you with a +0 club.
You shoot a sling bullet. The sling bullet hits Pargi!
Pargi is moderately wounded.
The orc hits you but does no damage. The rat bites you but does no damage.
Pargi bites you. Pargi barely misses you. Pargi claws you but does no damage.
You shoot a sling bullet. The sling bullet barely misses Pargi.
You shoot a sling bullet.
The sling bullet hits Pargi but does no damage.
Pargi is moderately wounded.
The rat barely misses you. The orc hits you with a +0 club.
Pargi closely misses you. You furiously retaliate!
You headbutt Pargi! Pargi claws you. Pargi claws you but does no damage.
You shoot a sling bullet. The sling bullet hits Pargi.
Pargi is severely wounded.
The rat bites you but does no damage. Pargi bites you but does no damage.
Pargi closely misses you. Pargi claws you but does no damage.
The orc closely misses you.
You shoot a sling bullet. The sling bullet closely misses Pargi.
The orc barely misses you. The rat closely misses you.
Pargi closely misses you. x2
Pargi barely misses you.
You shoot a sling bullet. The sling bullet hits Pargi.
Pargi is severely wounded.
The rat bites you but does no damage. Pargi bites you but does no damage.
Pargi claws you but does no damage. x2; The orc completely misses you.
You furiously retaliate!
You headbutt the orc. You shoot a sling bullet.
The sling bullet barely misses Pargi.
The orc barely misses you. You furiously retaliate!
You headbutt the orc. The rat barely misses you. Pargi closely misses you.
Pargi claws you but does no damage. Pargi closely misses you.
You shoot a sling bullet. The sling bullet hits Pargi!
Pargi is almost dead.
You shoot a sling bullet. The sling bullet barely misses Pargi.
The rat closely misses you. The orc hits you but does no damage.
Pargi bites you. Pargi misses you. Pargi claws you.
You die...

###.# #...###..# ##....# #.# #%#
#...####.## #.....# #.# ###.#
######....#####.....# #.# ....#
#.#..##........# #.# .####
#.#..#..###....# #.# ....#
#.#....## #....# #.# .####
#.#.w.## #....# #.# .# #.##rT#
#....# #.# .# #.##@o# #....# #.#
.# #.##### #....# #.#
.############.##########'### #.#
......................%..# #.#
#############.################.##
#...................#
#.################### #.# ###


You could see Pargi, a worm, an orc and a rat.

Vanquished Creatures
  3 adders (D:2)
  2 worms (D:2)
  A dart slug (D:1)
  3 bats
  2 endoplasms (D:1)
  3 giant cockroaches
  6 hobgoblins
  A quokka (D:2)
  6 ball pythons
  A frilled lizard (D:2)
  2 kobolds (D:1)
  3 rats
33 creatures vanquished.

Notes
Turn   | Place    | Note
-------+----------+-------------------------------------------
     0 | D:1      | qw the Minotaur Hexslinger began the quest for the Orb.
     0 | D:1      | Reached XP level 1. HP: 16/16 MP: 1/1
     0 | D:1      | 0 ||| qw: Version: 0.3-a-52-g30416fa
     0 | D:1      | 0 ||| qw: Game counter: 7439
     0 | D:1      | 0 ||| qw: Melee chars always use a shield: true
     0 | D:1      | 0 ||| qw: God list: Okawaru
     0 | D:1      | 0 ||| qw: Allow faded altars: false
     0 | D:1      | 0 ||| qw: Do Orc after clearing Dungeon:15 true
     0 | D:1      | 0 ||| qw: Do second Lair branch before Depths: true
     0 | D:1      | 0 ||| qw: Lair rune preference: random
     0 | D:1      | 0 ||| qw: Goals: Normal
     0 | D:1      | 0 ||| PLANNING D:1-11
   102 | D:1      | Reached skill level 3 in Ranged Weapons
   102 | D:1      | Reached XP level 2. HP: 23/23 MP: 2/2
   129 | D:1      | 129 ||| READING scroll labelled TOCRIPS CENLEI.
   130 | D:1      | 130 ||| DROPPING scroll of poison.
   597 | D:1      | 597 ||| UPGRADING to +0 ring mail.
   607 | D:1      | 607 ||| DROPPING +0 robe.
   608 | D:1      | 608 ||| UPGRADING to +0 cloak.
   613 | D:1      | 613 ||| UPGRADING to ring of poison resistance.
   614 | D:1      | 614 ||| READING 2 scrolls labelled WOBRYD VAF.
   615 | D:1      | 615 ||| READING scroll labelled DECEAXZ CATI.
   620 | D:1      | 620 ||| DROPPING scroll of noise.
   670 | D:2      | Reached XP level 3. HP: 29/29 MP: 3/3
   782 | D:2      | Reached skill level 4 in Ranged Weapons
   981 | D:2      | Reached skill level 1 in Armour
  1054 | D:2      | Reached XP level 4. HP: 36/36 MP: 4/4
  1297 | D:2      | 1297 ||| READING scroll labelled ZIEMPYACHE.
  1298 | D:2      | 1298 ||| READING 2 scrolls labelled HENONUILLOTHI.
  1299 | D:2      | 1299 ||| DRINKING 2 red potions.
  1322 | D:3      | Noticed Pargi
  1327 | D:3      | 1327 ||| STAIRDANCE
  1336 | D:2      | HP: 9/36 [orc/+0 club (1)]
  1342 | D:2      | HP: 2/36 [Pargi (6)]
  1342 | D:2      | Slain by Pargi

Levels and vault maps discovered:
D:1:      sevenhm_arrival_forest_fort_small_1, layout_basic, minmay_pentomino_v4
D:2:      layout_basic
D:3:      layout_loops_ring, serial_shops, shop_fountains,
          gammafunk_ghost_nasty_kobolds, uniq_pargi

Skill      XL: |  1  2  3 |
---------------+----------+-----
Ranged Weapons | 3 4 |  4.3
Fighting       | 2 |  2.0
Armour         | 1 |  1.0
Dodging        | |  2.1
Spellcasting   | |  1.0
Hexes          | |  2.0

Action                     |  1- 3 |  4- 6 || total
---------------------------+-------+-------++-------
   Fire: Sling             |   126 |    20 ||   146
    Use: Scroll            |     3 |     2 ||     5
         Potion            |       |     1 ||     1
 Armour: Robe              |     3 |       ||     3
         Ring mail         |    11 |    22 ||    33
  Dodge: Dodged            |    37 |    34 ||    71

Table legend:
 A = Non-vault XP
 B = Vault XP
 C = Vault XP percentage of total XP
 D = Non-vault monster count
 E = Vault monster count
 F = Vault count percentage of total count
                 A         B        C        D         E       F
            +---------+---------+-------+---------+---------+-------
      Total |      94 |       6 |   6.0 |      30 |       3 |   9.1
            +---------+---------+-------+---------+---------+-------
        D:1 |      23 |       6 |  20.7 |      13 |       3 |  18.8
        D:2 |      71 |       0 |   0.0 |      17 |       0 |   0.0
            +---------+---------+-------+---------+---------+-------
